 Dungeon Sprint DCSS version 0.18.1-5-g4a78601 (webtiles) character file.

5372 Hipnos the Bewitcher (level 10, -2/46 HPs)
             Began as a Spriggan Enchanter on May 14, 2016.
             Was the Champion of Sif Muna.
             Killed by an exploding giant spore (15 damage)
             ... in the Dungeon (Sprint I: "Red Sonja").
             The game lasted 00:10:18 (862 turns).

Hipnos the Bewitcher (Spriggan Enchanter)            Turns: 862, Time: 00:10:21

Health: -2/46      AC:  4    Str:  4    XL:     10   Next: 39%
Magic:  31/31      EV: 24    Int: 20    God:    Sif Muna [******]
Gold:   788        SH:  0    Dex: 17    Spells: 7 memorised, 12 levels left

rFire  . . .     SeeInvis +     i - -1 dagger (curse)
rCold  . . .     Gourm    .     b - +1 robe
rNeg   . . .     Faith    .     (shield restricted)
rPois  .         Spirit   .     (helmet restricted)
rElec  .         Dismiss  .     p - +0 cloak (curse)
rCorr  .         Reflect  .     (gloves unavailable)
SustAt .         Harm     .     (boots unavailable)
MR     +....     NoTele   +     (no amulet)
Stlth  ++........               (no ring)
                                (no ring)

@: confused, very quick, somewhat resistant to hostile enchantments, unstealthy
A: unfitting armour, see invisible, herbivore 3, speed 3, slow metabolism 2
a: Channel Energy, Forget Spell, Renounce Religion


You were in the Dungeon.
You worshipped Sif Muna.
Sif Muna was exalted by your worship.
You were full.

You visited 1 branch You collected 869 gold pieces.
You spent 81 gold pieces at shops.

Inventory:

Hand Weapons
 a - a +1 dagger
 i - a cursed -1 dagger (weapon)
Armour
 b - a +1 robe (worn)
 p - a cursed +0 cloak (worn)
Scrolls
 j - a scroll of blinking
Potions
 e - a potion of curing
 f - a potion of heal wounds
 g - a potion of haste
 h - 2 potions of magic
 m - a potion of flight {unknown}
 n - a potion of agility {unknown}
Books
 c - a book of Maledictions

   Spells                             Type                      Level
   a - Corona                         Hexes                        1
   b - Ensorcelled Hibernation        Hexes/Ice                    2
   c - Confuse                        Hexes                        3
   d - Tukima's Dance                 Hexes                        3
   e - Dazzling Spray                 Conjuration/Hexes            3
 d - Sif Muna's Advanced Spellweaving
   (Sif Muna gifted it to you in the Dungeon)

   Spells                             Type                      Level
   a - Excruciating Wounds            Charms/Necromancy            5
   b - Warp Weapon                    Charms/Translocation         5
   c - Yara's Violent Unravelling     Hexes/Transmutation          5
   d - Cigotuvi's Embrace             Necromancy                   5
   e - Summon Forest                  Summoning/Translocation      5
   f - Alistair's Intoxication        Transmutation/Poison         5
 k - Sif Muna's Grimoire of Ensnaring Dislocation
   (Sif Muna gifted it to you in the Dungeon)

   Spells                             Type                      Level
   a - Confusing Touch                Hexes                        2
   b - Slow                           Hexes                        2
   c - Teleport Other                 Translocation                3
   d - Summon Mana Viper              Hexes/Summoning              5
   e - Darkness                       Hexes                        6
   f - Invisibility                   Hexes                        6
 l - a book of Burglary

   Spells                             Type                      Level
   a - Swiftness                      Charms/Air                   2
   b - Passwall                       Transmutation/Earth          2
   c - Passage of Golubria            Translocation                4
   d - Lee's Rapid Deconstruction     Earth                        5
   e - Darkness                       Hexes                        6
   f - Invisibility                   Hexes                        6
 o - Sif Muna's Collected Works on Arcane Weapons
   (Sif Muna gifted it to you in the Dungeon)

   Spells                             Type                      Level
   a - Flame Tongue                   Conjuration/Fire             1
   b - Mephitic Cloud                 Conjuration/Poison/Air       3
   c - Throw Icicle                   Conjuration/Ice              4
   d - Bolt of Draining               Conjuration/Necromancy       5
   e - Fireball                       Conjuration/Fire             5
   f - Conjure Ball Lightning         Conjuration/Air              6
   g - Spellforged Servitor           Conjuration/Summoning        7


   Skills:
 + Level 1.7 Fighting
 + Level 4.8 Short Blades
 + Level 8.5 Dodging
 - Level 11.7 Stealth
 * Level 16.2 Spellcasting
 * Level 2.2 Conjurations
 * Level 18.9 Hexes
 - Level 0.8 Summonings
 - Level 0.4 Ice Magic
 * Level 2.7 Air Magic


You had 12 spell levels left.
You knew the following spells:

 Your Spells              Type           Power        Failure   Level  Hunger
a - Corona                Hex            #######      0%          1    None
b - Ensorcelled Hibernat  Hex/Ice        ######       1%          2    None
c - Confuse               Hex            #######.     0%          3    None
d - Darkness              Hex            #######...   1%          6    #####..
e - Summon Mana Viper     Hex/Summ       ######..     1%          5    ###....
f - Invisibility          Hex            #######.     1%          6    #####..
g - Conjure Ball Lightni  Conj/Air       ####......   99%         6    #####..


Dungeon Overview and Level Annotations

Branches:
Dungeon (1/1)

Altars:
Cheibriados
Dithmenos
Elyvilon
Fedhas
Gozag
Kikubaaqudgha
Makhleb
Nemelex Xobeh
Okawaru
Pakellas
Qazlal
Ru
Sif Muna
Trog
Vehumet
Xom
Yredelemnul
Zin
The Shining One
Jiyva

Shops:
D [=[


Innate Abilities, Weirdness & Mutations

You are tiny and cannot use many weapons and most armour.
You have supernaturally acute eyesight.
You are a herbivore.
You cover ground extremely quickly.
You need consume almost no food.


Message History

You open the door. 2 giant spores come into view.
Found four items.
The giant spore waves its rhizomes.
Found 54 gold pieces.
There is an open door here.
The helpless giant spore fails to defend itself.
You stick the giant spore like a pincushion!!!
The giant spore explodes!
The explosion of spores engulfs you!
You are confused.
Ouch! That really hurt!
* * * LOW HITPOINT WARNING * * *
A fungus suddenly grows. x2
The explosion of spores engulfs the giant spore.
The giant spore explodes!
The explosion of spores engulfs the ballistomycete.
A fungus suddenly grows.
The explosion of spores engulfs you!
You are more confused.
You die...

#..#_.___##'#..+§≈§§§†..#
#⌠⌠#_.∩...'.(._#≈≈§§)#..#
####_..._##_.#'##'#####§###
#_____###'#.#....###.'.#
############.####§###[###.#
#∩........'...'.....'(∩##.#
###++++####.).###########.#
##.###.......##.# #@#
#......§§§.#
#$!P!P#+++######§# #$P%$$#
#§# ####### +§#


There were no monsters in sight!

Vanquished Creatures
  2 centaur warriors (D)
  Sonja (D)
  2 unseen horrors (D)
  A deep troll (D)
  An oklob plant (D)
  2 kobold demonologists (D)
  A slime creature (D)
  2 redbacks (D)
  Sigmund (D)
  A yak (D)
  A giant eyeball (D)
  A wasp (D)
  An ogre (D)
  A jelly (D)
  Ijyb (D)
19 creatures vanquished.

Notes
Turn   | Place    | Note
--------------------------------------------------------------
     0 | D        | Hipnos the Spriggan Enchanter began the quest for the Orb.
     0 | D        | Reached XP level 1. HP: 9/9 MP: 5/5
     1 | D        | Noticed Ijyb
     4 | D        | Killed Ijyb
     4 | D        | Reached skill level 5 in Hexes
     4 | D        | Reached XP level 2. HP: 13/13 MP: 5/7
     6 | D        | Noticed an ogre
    21 | D        | Killed an ogre
    21 | D        | Reached skill level 8 in Hexes
    21 | D        | Reached XP level 3. HP: 16/16 MP: 7/10
    21 | D        | Reached XP level 4. HP: 21/21 MP: 7/11
    52 | D        | Learned a level 2 spell: Ensorcelled Hibernation
    56 | D        | Learned a level 3 spell: Confuse
    71 | D        | Noticed Sigmund
    76 | D        | Killed Sigmund
    76 | D        | Reached skill level 5 in Dodging
    76 | D        | Reached skill level 10 in Stealth
    76 | D        | Reached skill level 10 in Hexes
    76 | D        | Reached XP level 5. HP: 19/25 MP: 5/15
   157 | D        | Found a deep blue altar of Sif Muna.
   159 | D        | Found a radiant altar of Vehumet.
   163 | D        | Became a worshipper of Sif Muna the Loreminder
   165 | D        | Reached XP level 6. HP: 29/29 MP: 16/16
   220 | D        | Found Libofoer's Jewellery Emporium.
   220 | D        | Found a white marble altar of Elyvilon.
   220 | D        | Found a stormy altar of Qazlal.
   220 | D        | Found a burning altar of Makhleb.
   220 | D        | Found a sacrificial altar of Ru.
   220 | D        | Found an oddly glowing altar of Pakellas.
   220 | D        | Found a basalt altar of Yredelemnul.
   220 | D        | Found a glowing golden altar of the Shining One.
   220 | D        | Found a sparkling altar of Nemelex Xobeh.
   220 | D        | Found a shimmering altar of Xom.
   220 | D        | Found an opulent altar of Gozag.
   220 | D        | Found an ancient bone altar of Kikubaaqudgha.
   220 | D        | Found a glowing silver altar of Zin.
   220 | D        | Noticed a yak
   222 | D        | Killed a yak
   222 | D        | Reached * piety under Sif Muna
   222 | D        | Reached skill level 12 in Hexes
   223 | D        | Found an iron altar of Okawaru.
   224 | D        | Found a bloodstained altar of Trog.
   239 | D        | Found a snail-covered altar of Cheibriados.
   239 | D        | Found a viscous altar of Jiyva.
   239 | D        | Found a shadowy altar of Dithmenos.
   239 | D        | Found a blossoming altar of Fedhas.
   239 | D        | Noticed a slime creature
   245 | D        | Killed a slime creature
   245 | D        | Reached ** piety under Sif Muna
   245 | D        | Reached skill level 13 in Hexes
   245 | D        | Reached XP level 7. HP: 16/32 MP: 13/20
   414 | D        | Noticed a kobold demonologist
   415 | D        | Noticed a kobold demonologist
   417 | D        | Reached *** piety under Sif Muna
   419 | D        | Killed a kobold demonologist
   419 | D        | Reached **** piety under Sif Muna
   419 | D        | Reached skill level 10 in Spellcasting
   419 | D        | Reached skill level 14 in Hexes
   422 | D        | Killed a kobold demonologist
   422 | D        | Reached ***** piety under Sif Muna
   422 | D        | Reached skill level 1 in Fighting
   422 | D        | Reached skill level 15 in Hexes
   422 | D        | Reached XP level 8. HP: 37/37 MP: 18/23
   454 | D        | Noticed a demonic crawler
   454 | D        | Noticed a demonic crawler
   454 | D        | Noticed a demonic crawler
   454 | D        | Noticed a demonic crawler
   471 | D        | Noticed Sonja
   476 | D        | Killed Sonja
   476 | D        | Reached ****** piety under Sif Muna
   476 | D        | Received a gift from Sif Muna
   476 | D        | Reached skill level 16 in Hexes
   477 | D        | Identified Sif Muna's Grimoire of Ensnaring Dislocation (Sif Muna gifted it to you in the Dungeon)
   485 | D        | Learned a level 6 spell: Darkness
   491 | D        | Learned a level 5 spell: Summon Mana Viper
   498 | D        | Learned a level 6 spell: Invisibility
   608 | D        | Noticed a deep troll
   612 | D        | Killed a deep troll
   612 | D        | Reached skill level 17 in Hexes
   612 | D        | Reached XP level 9. HP: 41/41 MP: 20/26
   632 | D        | Found Kion's Armour Emporium.
   656 | D        | Noticed a centaur warrior
   658 | D        | Noticed a centaur warrior
   660 | D        | Killed a centaur warrior
   660 | D        | Received a gift from Sif Muna
   662 | D        | Killed a centaur warrior
   662 | D        | Reached skill level 18 in Hexes
   664 | D        | Identified Sif Muna's Collected Works on Arcane Weapons (Sif Muna gifted it to you in the Dungeon)
   672 | D        | Learned a level 6 spell: Conjure Ball Lightning
   742 | D        | Noticed an oklob plant
   744 | D        | Killed an oklob plant
   744 | D        | Received a gift from Sif Muna
   744 | D        | Reached skill level 15 in Spellcasting
   744 | D        | Reached skill level 1 in Conjurations
   744 | D        | Reached skill level 1 in Air Magic
   744 | D        | Reached XP level 10. HP: 46/46 MP: 28/30
   745 | D        | Identified Sif Muna's Advanced Spellweaving (Sif Muna gifted it to you in the Dungeon)
   776 | D        | Noticed an unseen horror
   777 | D        | Noticed an unseen horror
   783 | D        | Killed an unseen horror
   785 | D        | Killed an unseen horror
   835 | D        | Found Dedussith's Antique Armour Boutique.
   843 | D        | Bought an embroidered cloak for 81 gold pieces
   862 | D        | Killed by an exploding giant spore

Skill      XL: |  1  2  3  4  5  6  7  8  9 10 |
---------------+-------------------------------+-----
Stealth        | 6 9 10 11 | 11.7
Spellcasting   | 3 4 6 8 10 12 15 16 | 16.2
Hexes          | 5 8 10 13 15 17 18 | 18.9
Dodging        | 4 5 6 7 8 |  8.5
Short Blades   | 2 3 4 |  4.8
Fighting       | 1 |  1.7
Conjurations   | 1 2 |  2.2
Air Magic      | 1 2 |  2.7
Summonings     | |  0.8
Ice Magic      | |  0.4

Action                   |  1- 3 |  4- 6 |  7- 9 | 10-12 || total
-------------------------+-------+-------+-------+-------++-------
Melee: Dagger            |    10 |     5 |    10 |     5 ||    30
 Cast: Ensorcelled Hiber |       |     6 |     4 |     2 ||    12
       Darkness          |       |       |     4 |       ||     4
       Invisibility      |       |       |     1 |       ||     1
       Summon Mana Viper |       |       |     1 |       ||     1
  Use: Potion            |     1 |       |       |       ||     1
 Stab: Sleeping          |     1 |     5 |     9 |     5 ||    20
  Eat: Bread ration      |       |       |     1 |       ||     1
Armor: Robe              |       |       |     1 |       ||     1
Dodge: Dodged            |     4 |     2 |     2 |     5 ||    13
